Map: Ascension to Aiur LE

Players

uThermal

  • Race: Terran Terran
  • Spawn Location: 11:00

JonSnow - Winner!

  • Race: Zerg Zerg
  • Spawn Location: 5:00

Event: WCS Montreal 2017

VOD

Have the link to the VOD?

Description

Time

  • Played on: Sept. 8, 2017, 3:17 p.m.
  • Length: 24:10

All games in this series

Show
View Real Time Build Order
Export as new Build Order

uThermal Terran 

Build Orders: Hellion Banshee 

Get SALT Encoding   

  12  0:01  SCV  
  13  0:13  SCV  
  14  0:17  Supply Depot  
  14  0:26  SCV  
  15  0:38  SCV  
  15  0:40  Barracks  
  16  0:44  Refinery  
  16  0:50  SCV  
  17  1:03  SCV  
  18  1:15  SCV  
  19  1:27  Orbital Command, Marine  
  20  1:41  Command Center  
  20  1:46  Marine  
  21  1:53  SCV  
  22  1:56  Supply Depot  
  22  2:06  SCV  
  23  2:11  Factory  
  23  2:14  Barracks Reactor  
  23  2:18  SCV  
  24  2:24  Refinery  
  24  2:30  SCV  
  24  2:42  SCV  
  25  2:50  Marine x2  
  27  2:54  SCV, Widow Mine  
  27  2:55  Starport  
  27  2:57  Orbital Command  
  30  3:07  SCV  
  30  3:08  Marine x2  
  33  3:19  SCV  
  34  3:23  Factory Tech Lab, SCV  
  35  3:31  SCV  
  35  3:33  Supply Depot  
  36  3:35  SCV  
  36  3:38  Medivac  
  39  3:43  SCV  
  39  3:48  SCV, Hellion  
  43  3:49  Hellion  
  43  3:50  Supply Depot  
  43  3:55  SCV  
  46  4:00  SCV  
  49  4:10  Hellion x2  
  49  4:13  SCV  
  49  4:14  Supply Depot  
  49  4:15  Banshee, Cloaking Field  
  55  4:19  SCV  
  55  4:23  Armory  
  56  4:25  SCV  
  56  4:27  Refinery  
  61  4:31  Hellion x2  
  61  4:39  SCV  
  61  4:43  SCV  
  59  4:47  Barracks Reactor  
  59  4:48  Factory  
  59  4:50  Supply Depot  
  59  4:51  SCV  
  62  4:53  Hellion  
  62  4:55  SCV  
  62  4:59  Banshee  
  66  5:03  SCV  
  67  5:07  SCV  
  67  5:12  Supply Depot, Terran Vehicle Weapons Level 1, Hellion  
  70  5:16  SCV  
  70  5:19  SCV  
  72  5:27  Hellion  
  72  5:28  SCV  
  71  5:31  Supply Depot, SCV  
  71  5:34  Hellion  
  74  5:40  SCV  
  75  5:43  SCV  
  75  5:47  Cyclone  
  75  5:48  Cyclone x2  
  85  5:52  SCV  
  85  5:55  Hellion  
  88  6:03  Command Center  
  88  6:10  SCV  
  88  6:11  Supply Depot, Refinery  
  89  6:17  Hellion  
  89  6:20  Hellion  
  89  6:23  Banshee  
  92  6:28  Factory  
  92  6:29  SCV  
  92  6:30  Factory, SCV  
  91  6:38  Hellion x3  
  91  6:39  Refinery, Hellion x4  
  88  6:42  SCV x2  
  88  6:44  Refinery  
  85  6:48  Cyclone x2  
  85  6:54  SCV  
  87  6:57  SCV  
  87  7:06  Terran Vehicle And Ship Armor Level 1, Factory, SCV  
  88  7:09  SCV  
  88  7:10  Hellion x2  
  88  7:12  Factory Tech Lab, Factory Reactor  
  93  7:18  SCV  
  93  7:21  SCV  
  95  7:25  Hellion x2  
  99  7:30  SCV  
  99  7:33  Cyclone, SCV, Hellion  
  107  7:42  Cyclone, SCV  
  97  7:46  Cyclone x2  
  97  7:50  Orbital Command  
  94  7:55  SCV  
  89  7:58  SCV  
  89  8:02  Factory Tech Lab  
  90  8:07  SCV  
  90  8:08  Hellion  
  90  8:11  SCV  
  94  8:16  SCV  
  94  8:19  SCV  
  96  8:21  Siege Tank x2  
  96  8:23  SCV  
  96  8:26  Hellion  
  105  8:28  SCV  
  105  8:31  SCV  
  107  8:34  Supply Depot  
  107  8:35  SCV  
  107  8:36  Supply Depot, Hellion  
  107  8:39  Hellion  
  107  8:40  SCV  
  113  8:43  SCV  
  113  8:45  Engineering Bay  
  113  8:47  SCV  
  117  8:52  SCV  
  117  8:55  Starport Reactor, SCV  
  116  8:58  Supply Depot, Siege Tank x2  
  116  8:59  Supply Depot, SCV, Hellion  
  116  9:02  Hellion  
  128  9:04  Terran Vehicle Weapons Level 2  
  128  9:06  Hellion  
  130  9:14  Supply Depot  
  128  9:17  Supply Depot  
  128  9:19  Supply Depot  
  128  9:20  Armory, Supply Depot  
  128  9:22  Hellion x2  
  132  9:31  Supply Depot  
  132  9:35  Hellion x2  
  136  9:39  Thor  
  136  9:41  Thor  
  143  9:49  Siege Tank, Hellion x2  
  150  9:57  Hellion  
  146  10:08  Terran Vehicle And Ship Armor Level 2  
  146  10:13  Hellion  
  148  10:15  Hellion  
  148  10:17  Hellion  
  152  10:23  Command Center  
  152  10:25  Siege Tank, Hellion  
  152  10:27  Infernal Pre-Igniter  
  152  10:31  Supply Depot  
  152  10:33  Supply Depot  
  152  10:34  Hellion  
  154  10:39  Siege Tank, Hellion  
  159  10:49  Supply Depot  
  159  10:51  Supply Depot  
  159  10:53  Hellion x2  
  159  10:56  Hellion  
  165  10:59  Hellion  
  165  11:02  Hellion  
  169  11:08  Hellion  
  171  11:12  Hellion  
  171  11:18  Hellion x6  
  173  11:20  Siege Tank, Hellion  
  180  11:25  Hellion  
  180  11:28  Hellion x2  
  180  11:29  Siege Tank  
  184  11:33  Hellion  
  184  11:38  Planetary Fortress  
  186  11:44  Hellion  
  186  11:45  Supply Depot  
  188  11:47  Hellion  
  188  11:51  Terran Vehicle Weapons Level 3  
  183  11:56  Siege Tank  
  183  11:58  Hellion  
  188  12:02  Hellion  
  188  12:03  Hellion  
  188  12:06  Hellion  
  194  12:12  Siege Tank, Hellion  
  194  12:13  Hellion x2  
  194  12:20  Hellion  
  179  12:25  Siege Tank, Hellion  
  179  12:28  Siege Tank, Hellion  
  151  12:33  Hellion  
  132  12:41  Hellion  
  134  12:44  Hellion  
  134  12:48  Hellion  
  124  12:52  Hellion  
  124  12:54  Hellion x9  
  124  12:55  Hellion  
  124  12:57  Siege Tank  
  121  13:01  Siege Tank  
  121  13:02  Hellion  
  121  13:05  Siege Tank  
  129  13:10  Hellion  
  125  13:13  Hellion  
  125  13:15  Terran Vehicle And Ship Armor Level 3  
  125  13:16  Hellion  
  129  13:24  Hellion  
  131  13:29  Command Center, Siege Tank  
  131  13:31  Hellion  
  136  13:36  Siege Tank, Hellion  
  137  13:41  Siege Tank, Hellion  
  137  13:45  Hellion  
  140  13:53  Hellion  
  140  13:57  Barracks  
  140  13:58  Hellion  
  140  14:01  Hellion  
  144  14:03  Hellion  
  144  14:06  Hellion  
  148  14:11  Hellion  
  148  14:13  Hellion  
  148  14:15  Hellion  
  154  14:19  Hellion  
  156  14:25  Sensor Tower  
  156  14:32  Siege Tank, Hellion  
  156  14:35  Siege Tank, Hellion  
  156  14:38  Hellion  
  144  14:51  Hellion  
  134  14:55  Hellion  
  134  14:58  Hellion  
  138  15:04  Hellion  
  140  15:14  Siege Tank  
  140  15:15  Hellion x2  
  140  15:20  Hellion  
  140  15:21  Hellion  
  148  15:22  Orbital Command  
  148  15:25  Hellion  
  139  15:28  Hellion  
  139  15:33  Hellion x4  
  141  15:36  Hellion  
  141  15:37  Hellion  
  141  15:42  Hellion  
  144  15:44  Hellion  
  144  15:46  Siege Tank  
  144  15:48  Hellion  
  147  15:50  Hellion  
  149  15:57  Hellion  
  149  16:04  Siege Tank, Hellion  
  154  16:06  Hellion  
  154  16:10  Hellion  
  123  16:11  Hellion  
  122  16:18  Siege Tank  
  122  16:20  Hellion  
  122  16:25  Hellion  
  123  16:27  Hellion  
  123  16:31  Siege Tank  
  121  16:33  Orbital Command, Hellion  
  121  16:36  Hellion  
  125  16:43  Hellion  
  125  16:47  Hellion  
  127  16:48  Widow Mine  
  127  16:50  Siege Tank  
  132  16:54  Hellion  
  132  16:57  Hellion  
  132  17:00  Viking  
  138  17:02  Viking  
  140  17:13  Siege Tank  
  140  17:14  Hellion  
  140  17:15  Hellion x2  
  106  17:16  Hellion  
  106  17:18  Siege Tank  
  106  17:19  Hellion  
  101  17:29  Siege Tank, Hellion  
  106  17:35  Hellion  
  106  17:38  Viking  
  106  17:41  Viking  
  106  17:44  Hellion  
  112  17:48  Hellion  
  114  17:51  Hellion  
  114  17:56  Hellion  
  110  18:02  Siege Tank, Hellion  
  115  18:05  Orbital Command  
  113  18:14  Siege Tank, Hellion  
  113  18:17  Siege Tank  
  109  18:22  Hellion  
  111  18:36  Hellion  
  115  18:41  Hellion  
  115  18:46  Hellion  
  115  18:47  Hellion  
  119  18:54  Siege Tank  
  119  18:55  Hellion  
  124  18:58  Hellion x2  
  128  19:04  Hellion  
  128  19:08  Hellion  
  132  19:12  Orbital Command  
  132  19:14  Hellion  
  132  19:16  Siege Tank  
  131  19:19  Siege Tank  
  131  19:23  Hellion  
  100  19:26  Siege Tank  
  100  19:30  Hellion  
  90  19:39  Hellion x2  
  90  19:40  SCV  
  95  19:47  SCV  
  95  19:48  Siege Tank  
  95  19:49  SCV  
  95  19:50  SCV  
  99  19:54  SCV  
  99  19:59  SCV  
  101  20:01  SCV  
  101  20:02  Siege Tank  
  101  20:03  Hellion x2  
  109  20:11  Viking  
  111  20:15  Viking  
  111  20:16  Hellion  
  110  20:25  Siege Tank, Hellion  
  112  20:35  Siege Tank, Hellion  
  112  20:37  Hellion  
  112  20:38  Hellion  
  112  20:39  SCV  
  112  20:42  SCV  
  118  20:46  Viking  
  120  20:54  Viking  
  122  21:03  Siege Tank x2, Hellion  
  130  21:11  Hellion  
  130  21:16  Viking  
  130  21:17  Hellion x2  
  136  21:22  Hellion  
  136  21:25  Hellion  
  134  21:32  Hellion  
  125  21:36  Hellion x2  
  123  21:40  Hellion  
  123  21:43  Hellion  
  123  21:46  Hellion  
  129  21:48  Hellion  
  131  22:10  Siege Tank x2, Hellion  
  131  22:11  Viking, Hellion  
  141  22:20  Hellion  
  141  22:21  Hellion  
  143  22:23  Hellion  
  128  22:32  Hellion x2  
  117  22:42  Hellion  
  117  22:43  Hellion x2  
  123  22:50  Refinery x2  
  123  22:52  Hellion  
  125  23:02  Hellion  
  125  23:03  Hellion  
  129  23:06  Hellion  
  129  23:07  Hellion  
  110  23:13  Hellion  
  107  23:29  Orbital Command, Refinery  
  107  23:36  Hellion  
Show
View Real Time Build Order
Export as new Build Order

JonSnow Zerg - Winner!

Build Orders: Pool First, Swarm Host 

Get SALT Encoding   

  12  0:00  Drone  
  13  0:12  Overlord  
  13  0:17  Drone  
  14  0:30  Drone x2  
  14  0:35  Drone  
  17  0:44  Spawning Pool  
  17  0:48  Drone  
  17  0:55  Drone  
  18  1:12  Hatchery  
  18  1:18  Drone  
  18  1:22  Extractor  
  17  1:31  Zergling x4  
  19  1:35  Queen  
  19  1:38  Drone  
  22  1:49  Overlord  
  22  2:08  Drone  
  23  2:11  Queen, Drone  
  26  2:22  Drone  
  27  2:24  Queen  
  29  2:33  Drone x2  
  29  2:35  Drone  
  31  2:40  Metabolic Boost  
  31  2:46  Drone x2  
  35  2:53  Drone x2  
  35  2:59  Hatchery  
  35  3:05  Overlord  
  34  3:07  Drone  
  34  3:11  Overlord  
  35  3:22  Overlord  
  35  3:24  Drone x4  
  39  3:27  Drone x2  
  39  3:34  Queen  
  43  3:41  Drone  
  43  3:42  Drone  
  43  3:43  Overlord  
  43  3:48  Zergling x6  
  48  3:51  Zergling x2  
  48  3:55  Drone x3  
  52  4:07  Queen, Drone x5  
  59  4:11  Extractor  
  59  4:14  Evolution Chamber  
  59  4:16  Evolution Chamber  
  56  4:17  Queen  
  56  4:22  Drone  
  56  4:23  Drone x2  
  61  4:27  Overlord  
  61  4:31  Zergling x6  
  61  4:46  Zergling x10  
  61  4:49  Zerg Melee Weapons Level 1  
  61  4:50  Zerg Ground Armor Level 1  
  66  4:56  Zergling x12  
  72  5:01  Drone x3  
  72  5:03  Overlord  
  75  5:07  Spore Crawler  
  75  5:08  Overlord  
  75  5:12  Drone  
  75  5:14  Spore Crawler  
  75  5:15  Lair  
  75  5:16  Spore Crawler  
  75  5:18  Zergling x4  
  69  5:28  Drone x3  
  71  5:32  Extractor, Drone x2  
  71  5:34  Baneling Nest, Extractor  
  71  5:35  Drone  
  71  5:48  Drone x3  
  71  5:49  Drone x5  
  78  5:55  Zergling x4  
  78  5:56  Queen  
  81  6:01  Zergling x8  
  85  6:06  Zergling x6  
  85  6:13  Zergling x8  
  85  6:14  Zergling x4  
  89  6:20  Overseer  
  89  6:24  Centrifical Hooks, Baneling x5  
  86  6:25  Drone  
  86  6:26  Drone x2  
  88  6:44  Drone x5  
  89  6:49  Hydralisk Den  
  87  6:56  Drone x4  
  87  6:58  Extractor  
  87  6:59  Overlord  
  87  7:01  Extractor, Hatchery, Zerg Missile Weapons Level 1  
  86  7:03  Zergling x12  
  86  7:04  Queen  
  86  7:06  Queen  
  94  7:09  Overlord  
  94  7:11  Overlord  
  94  7:19  Muscular Augments, Hydralisk x2  
  94  7:21  Hydralisk  
  100  7:25  Baneling  
  100  7:27  Baneling  
  100  7:32  Baneling x2  
  100  7:33  Zergling x14  
  102  7:39  Zergling x6  
  93  7:46  Zergling x4  
  93  7:50  Hydralisk x2  
  98  7:51  Zergling x2  
  96  8:09  Hatchery  
  96  8:10  Zerg Melee Weapons Level 2  
  95  8:14  Hatchery  
  95  8:18  Drone x5  
  95  8:20  Drone  
  96  8:29  Drone  
  96  8:30  Hydralisk x2  
  101  8:38  Hydralisk  
  101  8:40  Baneling x5  
  103  8:44  Hydralisk x2  
  107  8:50  Baneling x4  
  107  8:53  Hydralisk  
  107  8:54  Zergling x2  
  110  9:06  Hydralisk x2  
  114  9:15  Drone  
  114  9:18  Zerg Missile Weapons Level 2  
  114  9:19  Hydralisk  
  114  9:22  Baneling  
  114  9:23  Baneling x2  
  117  9:24  Zergling x4  
  117  9:28  Zergling x6  
  117  9:29  Zergling x4  
  121  9:32  Zergling x2  
  121  9:36  Hydralisk x2  
  121  9:37  Zergling x2  
  127  9:45  Hydralisk x3  
  123  9:51  Zergling x2  
  127  9:53  Overlord x2  
  127  9:54  Overlord  
  127  9:55  Overlord x2  
  126  10:01  Zergling x2  
  127  10:15  Zergling x10  
  127  10:16  Zergling x10  
  135  10:21  Hydralisk x3  
  140  10:29  Zerg Ground Armor Level 2  
  140  10:30  Infestation Pit  
  140  10:33  Zergling x14  
  145  10:47  Baneling x4  
  145  10:49  Zergling x2  
  144  10:50  Zergling x18  
  144  10:53  Baneling  
  144  10:54  Baneling  
  144  10:55  Hydralisk x2  
  157  11:01  Hydralisk x2  
  160  11:06  Baneling x7  
  160  11:07  Hydralisk x3  
  160  11:08  Zergling x2  
  167  11:12  Overlord x2  
  167  11:16  Overlord  
  167  11:17  Overlord  
  167  11:21  Baneling x4  
  167  11:26  Baneling  
  167  11:27  Baneling  
  163  11:36  Swarm Host x7  
  163  11:39  Swarm Host  
  187  11:41  Zergling x6  
  187  11:46  Baneling x4  
  187  11:47  Baneling  
  190  11:49  Zergling x2  
  190  11:50  Zergling x6  
  193  11:54  Baneling x5  
  193  11:55  Baneling  
  193  11:56  Zergling x6  
  193  11:59  Zergling x6  
  188  12:09  Hydralisk x2  
  188  12:10  Zergling x2, Hydralisk x2  
  188  12:11  Zergling x2  
  192  12:21  Hydralisk x4  
  192  12:22  Zergling x4  
  178  12:29  Hydralisk x3  
  157  12:39  Swarm Host x2  
  157  12:42  Zergling x12  
  157  12:43  Zergling x2  
  168  12:48  Zergling x2  
  154  12:52  Zergling x4  
  154  12:53  Swarm Host x2  
  152  13:02  Hydralisk x5  
  162  13:08  Hydralisk x2  
  162  13:09  Zergling x2  
  167  13:18  Zergling x8  
  171  13:24  Swarm Host  
  171  13:26  Baneling x4  
  174  13:28  Baneling x5  
  174  13:31  Hatchery  
  174  13:32  Zergling x6  
  175  13:43  Hydralisk x3  
  175  13:44  Zergling x4  
  173  13:49  Swarm Host x3  
  173  13:53  Drone x3  
  185  14:01  Swarm Host x2  
  188  14:14  Swarm Host x3  
  188  14:17  Drone x2  
  198  14:22  Baneling  
  198  14:23  Baneling x6  
  196  14:36  Zergling x6  
  196  14:37  Zergling x20  
  198  14:45  Hydralisk x5  
  178  14:46  Zergling x4  
  178  14:49  Hydralisk  
  178  14:50  Zergling x2, Hydralisk x2  
  178  14:51  Zergling x2  
  175  14:54  Zergling x4  
  177  15:02  Baneling x5  
  176  15:07  Hydralisk x3  
  176  15:08  Zergling x4  
  185  15:14  Zergling x14  
  185  15:15  Baneling x2  
  185  15:16  Baneling  
  191  15:25  Hydralisk x4  
  191  15:26  Zergling x2  
  200  15:31  Overlord  
  200  15:33  Spine Crawler  
  200  15:34  Spine Crawler  
  198  15:39  Drone x3  
  198  15:40  Drone  
  196  15:48  Zergling x2  
  196  15:49  Zergling x10  
  198  15:55  Baneling x2  
  198  15:56  Baneling x7  
  191  16:08  Hydralisk x5  
  191  16:09  Zergling x4  
  192  16:14  Swarm Host x2  
  191  16:19  Baneling x4  
  185  16:25  Zergling x2  
  185  16:26  Zergling x12  
  185  16:29  Zergling x8  
  184  16:35  Drone  
  184  16:36  Drone x5  
  190  16:55  Hatchery, Zergling x2  
  190  16:56  Zergling x14  
  190  16:58  Baneling x4  
  197  17:02  Zergling x4  
  198  17:13  Hydralisk x5  
  198  17:14  Zergling x2  
  185  17:18  Zergling x2  
  185  17:19  Zergling x6  
  183  17:29  Hive  
  183  17:39  Baneling x2  
  183  17:40  Baneling x5  
  181  17:46  Hatchery  
  181  17:48  Extractor  
  181  17:49  Drone x3  
  181  17:50  Drone x4  
  186  17:55  Zergling x14  
  193  17:59  Overlord x2  
  189  18:19  Swarm Host x3  
  192  18:26  Baneling x11  
  192  18:27  Baneling  
  198  18:31  Extractor  
  198  18:32  Extractor, Drone x4  
  200  18:43  Baneling x2  
  199  18:56  Baneling x4  
  199  19:02  Zerg Ground Armor Level 3, Zerg Missile Weapons Level 3  
  199  19:05  Extractor  
  196  19:15  Zergling x2  
  196  19:16  Zergling x30  
  200  19:20  Hydralisk  
  200  19:21  Hydralisk x3  
  200  19:25  Zergling x2  
  200  19:29  Hydralisk x2  
  200  19:30  Zergling x14  
  200  19:31  Zergling x8  
  200  19:35  Extractor  
  200  19:36  Spore Crawler, Extractor  
  200  19:37  Spine Crawler x2  
  187  19:41  Baneling  
  187  19:42  Baneling x5  
  187  19:48  Hydralisk  
  187  19:49  Zergling x2  
  187  19:50  Zergling x18  
  183  19:54  Zergling x12  
  183  19:55  Baneling x2  
  185  20:00  Hydralisk  
  185  20:01  Zergling x2  
  188  20:11  Zergling x22  
  191  20:27  Hydralisk  
  191  20:28  Zergling x2, Hydralisk x4  
  185  20:29  Zergling x10  
  197  20:46  Baneling x9  
  197  20:48  Queen  
  197  20:49  Hatchery  
  198  20:54  Hydralisk  
  198  20:55  Hydralisk  
  199  21:03  Baneling x4  
  195  21:09  Drone x3  
  194  21:15  Zergling x14  
  196  21:24  Zergling x2  
  196  21:25  Zergling x6  
  184  21:34  Hydralisk  
  184  21:35  Zergling x2, Hydralisk x2  
  184  21:36  Zergling x18  
  192  21:46  Zergling x8  
  192  21:47  Zergling x14  
  200  21:56  Baneling x2  
  200  21:57  Baneling x3  
  199  22:03  Zergling x2  
  196  22:10  Baneling x7  
  196  22:11  Zergling x10  
  197  22:17  Zergling x6  
  197  22:20  Hydralisk x3  
  196  22:28  Hydralisk x9  
  196  22:29  Zergling x4  
  199  22:30  Zergling x6  
  198  22:41  Baneling x4  
  198  22:43  Extractor  
  198  22:44  Extractor, Zergling x6  
  181  23:08  Zergling x24  
  181  23:12  Hydralisk x3  
  169  23:13  Zergling x2  
  169  23:19  Hydralisk x7  
  178  23:20  Zergling x8  
  178  23:25  Zergling x2  
  187  23:35  Zergling x22  
  187  23:37  Baneling x13  
  198  23:48  Zergling x4  
Tags
 
Add a new tag
Caveats
  • Supply blocks, unpowered buildings, or Contaminate may cause inaccurate times.
  • Supply counts are checked every 10 seconds.